 Seeded DCSS version 0.30-a0-778-g2ef04afb54 (webtiles) character file.

Game seed: 5430720872467839093 (custom seed)

95 valliere the Insei (level 4, -2/29 HPs)
             Began as an Octopode Transmuter on Feb 15, 2023.
             Slain by an orc priest
             ... wielding a +0 short sword
              (5 damage)
             ... on level 3 of the Dungeon on Feb 16, 2023.
             The game lasted 00:06:05 (2170 turns).

valliere the Insei (Octopode Transmuter)            Turns: 2170, Time: 00:06:06

Health: -2/29      AC:  1    Str: 13    XL:     4   Next: 66%
Magic:  7/7        EV: 13    Int: 20    God:
Gold:   51         SH:  0    Dex: 16    Spells: 2/7 levels left

rFire   + . .      SeeInvis +      - Unarmed
rCold   + . .      Faith    .    (no shield)
rNeg    + . .      Spirit   .    (helmet currently unavailable)
rPois   .          Reflect  .    (no amulet)
rElec   .          Harm     .    j - +6 ring of strength
rCorr   .          Rampage  .    l - ring "Vutuacw" {rF+ Will+ Dex+4}
Will    +....                    o - ring "Caloptan" {Wiz rN+ Str-4 Int+5 SInv}
Stlth   +++                      r - ring of protection from cold
HPRegen 0.24/turn                (no ring)
MPRegen 0.10/turn                (no ring)
                                 (no ring)
                                 (no ring)

@: appendages
A: tentacle spike 3, almost no armour, amphibious, 8 rings, camouflage 1,
gelatinous body 1, (nimble swimmer 1), tentacles
a: End Transformation


You were on level 3 of the Dungeon.
One of your tentacles had grown a beastly spike.
You visited 1 branch of the dungeon, and saw 3 of its levels.

You collected 107 gold pieces.
You spent 56 gold pieces at shops.

Inventory:

Hand Weapons
 t - the +3 short sword of the Manifold Quests {flame, rElec Int+5}
   (You found it on level 3 of the Dungeon)

   Int:       It affects your intelligence (+5).
   rElec:     It insulates you from electricity.
Armour
 m - the +2 hat of Filth (melded) {rC+}
   (You acquired it on level 2 of the Dungeon)

   rC:        It protects you from cold.
Jewellery
 j - a +6 ring of strength (left tentacle)
 l - the ring "Vutuacw" (right tentacle) {rF+ Will+ Dex+4}
   (You acquired it on level 2 of the Dungeon)

   [ring of willpower]

   Dex:       It affects your dexterity (+4).
   rF:        It protects you from fire.
   Will:      It increases your willpower.
 o - the ring "Caloptan" (on tentacle) {Wiz rN+ Str-4 Int+5 SInv}
   (You acquired it on level 2 of the Dungeon)

   [ring of wizardry]

   It improves your spell success rate.
   Str:       It affects your strength (-4).
   Int:       It affects your intelligence (+5).
   rN:        It protects you from negative energy.
   SInv:      It lets you see invisible.
 r - a ring of protection from cold (on tentacle)
Wands
 u - a wand of mindburst (13)
Scrolls
 c - a scroll of teleportation {unknown}
 e - 3 scrolls of amnesia {unknown}
 g - 2 scrolls of noise {unknown}
 h - a scroll of torment {unknown}
 i - 3 scrolls of identify
 k - a scroll of brand weapon {unknown}
 n - a scroll of enchant armour {unknown}
 p - a scroll of fog {unknown}
 q - a scroll of immolation {unknown}
 s - a scroll of poison {unknown}
Potions
 a - 2 potions of lignification
 b - a potion of mutation {unknown}
 d - a potion of attraction {unknown}
 f - 2 potions of curing {unknown}
 v - a potion of ambrosia {unknown}
 w - a potion of berserk rage {unknown}


   Skills:
 + Level 1.6 Fighting
 + Level 2.5 Dodging
 + Level 1.3 Stealth
 * Level 3.7 Unarmed Combat
 + Level 2.3 Spellcasting
 * Level 2.9 Transmutations


You had 2 spell levels left.
You knew the following spells:

 Your Spells              Type           Power      Damage    Failure   Level
a - Beastly Appendage     Tmut           26%        N/A       1%          1
b - Ice Form              Ice/Tmut       8%         N/A       32%         4

Your spell library contained the following spells:

 Spells                   Type           Power      Damage    Failure   Level
 Wereblood                Tmut           13%        N/A       2%          2
 Passwall                 Tmut/Erth      6%         N/A       5%          2
 Slow                     Hex            8%         N/A       6%          1
 Ensorcelled Hibernation  Hex/Ice        4%         N/A       9%          2
 Spider Form              Tmut/Pois      8%         N/A       11%         3
 Dazzling Flash           Conj/Hex       4%         N/A       17%         3
 Blade Hands              Tmut           6%         N/A       45%         5
 Alistair's Intoxication  Tmut/Pois      5%         N/A       65%         5


Dungeon Overview and Level Annotations

Branches:
Dungeon (3/15)

Altars:

Shops:
D:2 ?

Annotations:
D:2 exclusion: necrophage


Innate Abilities, Weirdness & Mutations

One of your tentacles has grown a beastly spike.
You cannot wear most types of armour.
You are amphibious.
You can wear up to eight rings at the same time.
Your skin changes colour to match your surroundings (Stealth+).
Your rubbery body absorbs attacks. (AC +1, EV +1)
((You are camouflaged when in or above water. (Stealth+)))
You have tentacles for arms and can constrict up to eight enemies at once.


Message History

t - the +3 short sword of the Manifold Quests (weapon)
{flame, rElec Int+5} You now have 51 gold pieces (gained 5).
a - 2 potions of lignification (gained 1)
Found 5 stones.
Found 5 poisoned darts and 7 stones.
The +3 short sword of the Manifold Quests {flame, rElec Int+5} stops flaming.
You are now empty-tentacled.
w - a glowing white potion One of your tentacles grows a vicious spike.
The +2 hat of Filth {rC+} melds into your body.
The orc shouts!
You hear a shout! x4
The orc hits you with a +0 flail!
You barely miss the orc. You grab the orc.
You pierce the orc.
You kill the orc!
The orc priest mumbles some strange prayers to Beogh against you.
Beogh smites you!
* * * LOW HITPOINT WARNING * * *
You are too injured to fight recklessly!
The orc priest invokes the aid of Beogh against you.
You resist with some effort.
You are too injured to fight recklessly!
The orc priest mumbles some strange prayers to Beogh against you.
Pain shoots through your body!
* * * LOW HITPOINT WARNING * * *
Things that are here:
a +0 flail; the +2 robe of Binutifa {rPois Dex+5}; an orc corpse You tentacle-slap the orc priest.
You grab the orc priest.
The orc priest is lightly wounded.
You constrict the orc priest, but do no damage.
You tentacle-slap the orc priest.
The orc priest is moderately wounded.
You constrict the orc priest.
The orc priest struggles to escape constriction.
You tentacle-slap the orc priest but do no damage.
You pierce the orc priest, but do no damage.
You squeeze the orc priest.
The orc priest is heavily wounded.
You constrict the orc priest, but do no damage.
The orc priest hits you with a +0 short sword.
You die...

#.## #..##......#
#..###.......##..
#.......#g.####.#
#..####...## #.#
#..####.### #.#
#.........# #.# #
#...##..#..# ..#
#.##..####g##.#
### #..@..# #.#
.# #.o#### #.g .
..... #.. .
####.# ... B. o.
###


You could see an orc priest and an orc.

Vanquished Creatures
  4 gnolls
  An adder (D:2)
  An orc (D:3)
  3 bats
  6 endoplasms
  4 hobgoblins
  4 jackals (D:1)
  5 kobolds
  2 quokkas (D:1)
  5 ball pythons
  2 frilled lizards
  4 goblins
  3 rats
44 creatures vanquished.

Notes
Turn   | Place    | Note
-------+----------+-------------------------------------------
     0 | D:1      | valliere the Octopode Transmuter began the quest for the
                  | Orb.
     0 | D:1      | Reached XP level 1. HP: 13/13 MP: 3/3
    76 | D:1      | Reached XP level 2. HP: 7/18 MP: 3/5
   971 | D:1      | Reached XP level 3. HP: 23/23 MP: 4/6
  1207 | D:2      | Identified 3 scrolls of acquirement
  1207 | D:2      | Acquired the +2 hat of Filth {rC+}
  1209 | D:2      | Acquired the Encyclopedia of Spellbinding Transition
  1211 | D:2      | Acquired the ring "Vutuacw" {rF+ Will+ Dex+4}
  1279 | D:2      | Reached skill level 1 in Stealth
  1281 | D:2      | Reached XP level 4. HP: 10/28 MP: 5/7
  1409 | D:2      | Acquired the ring "Caloptan" {Wiz rN+ Str-4 Int+5 SInv}
  1417 | D:2      | Learned a level 4 spell: Ice Form
  1535 | D:2      | Noticed a necrophage
  1612 | D:2      | Found Doddoiw's Magic Scroll Shoppe.
  1617 | D:2      | Bought a scroll of identify for 28 gold pieces
  1617 | D:2      | Bought a scroll of identify for 28 gold pieces
  1891 | D:3      | Found a faded altar of an unknown god.
  2089 | D:3      | Identified the +3 short sword of the Manifold Quests
                  | {flame, rElec Int+5}
  2160 | D:3      | Identified the +2 robe of Binutifa {rPois Dex+5}
  2170 | D:3      | Slain by an orc priest

Illustrated notes

Levels and vault maps discovered:
D:1:      dpeg_arrival_boxes_within_box, layout_basic
D:2:      layout_loops_ring, serial_shops, shop, nicolae_kite_square_tiling_tiny
D:3:      layout_rooms, okawaru_metal_pillars_3, ebering_ecumenical_altar_rust

Skill      XL: |  1  2  3 |
---------------+----------+-----
Stealth        | 1 |  1.3
Fighting       | |  1.6
Dodging        | |  2.5
Unarmed Combat | |  3.7
Spellcasting   | |  2.3
Transmutations | |  2.9

Action                     |  1- 3 |  4- 6 || total
---------------------------+-------+-------++-------
  Melee: Unarmed           |    64 |    30 ||    94
         Tentacles         |    13 |     7 ||    20
         Kick              |    19 |     2 ||    21
         Constrict         |    18 |     8 ||    26
         Punch             |     1 |       ||     1
   Cast: Beastly Appendage |    21 |     2 ||    23
    Use: Scroll            |     3 |     1 ||     4
   Stab: Sleeping          |     6 |     2 ||     8
 Armour: Skin              |     1 |     2 ||     3
  Dodge: Dodged            |    44 |    12 ||    56

Table legend: (Time is in decaauts)
 A = Elapsed time spent in this place.
 B = Non-inter-level travel time spent in this place.
 C = Inter-level travel time spent in this place.
 D = Time resting spent in this place.
 E = Time spent auto-exploring this place.
 F = Levels seen in this place.
 G = Mean time per level.
                   A        B        C        D        E       F      G
               +--------+--------+--------+--------+--------+-----+--------+
         Total |   2160 |   2064 |     96 |      0 |   1697 |   3 |  720.0 |
       Dungeon |   2160 |   2064 |     96 |      0 |   1697 |   3 |  720.0 |
               +--------+--------+--------+--------+--------+-----+--------+

Top non-repeatable levels by time:
     D:1: 1093 daAuts
     D:2: 759 daAuts
     D:3: 308 daAuts
